 Dungeon Crawl Stone Soup version 0.31-a0-1-g4198be8af4 (webtiles) character file.

Game seed: 323139475050783880

98 retardedninja the Firebug (level 4, 0/32 HPs)
             Began as a Gnoll Fire Elementalist on May 2, 2023.
             Slain by a gnoll
             ... wielding a +0 whip
              (4 damage)
             ... on level 2 of the Dungeon.
             The game lasted 00:03:34 (2319 turns).

retardedninja the Firebug (Gnoll Fire Elementalist) Turns: 2319, Time: 00:03:35

Health: 0/32       AC:  3    Str:  8    XL:     4   Next: 71%
Magic:  3/11       EV: 13    Int: 16    God:
Gold:   93         SH:  0    Dex: 12    Spells: 10/13 levels left

rFire   . . .        e - +0 hand axe
rCold   . . .        (no shield)
rNeg    . . .        a - +0 robe
rPois   .            d - +0 helmet
rElec   .            (no cloak)
rCorr   .            (no gloves)
SInv    .            (no boots)
Will    .....        (no amulet)
Stlth   +++          (no ring)
HPRegen 0.25/turn    (no ring)
MPRegen 0.12/turn

%: no passive effects
@: very slightly contaminated
A: fangs 1, strong nose, distributed training
a: no special abilities


You were on level 2 of the Dungeon.
You visited 1 branch of the dungeon, and saw 2 of its levels.

You collected 93 gold pieces.

Inventory:

Hand Weapons
 e - a +0 hand axe (weapon)
Armour
 a - a +0 robe (worn)
 d - a +0 helmet (worn)
Scrolls
 c - a scroll of immolation {unknown}
 f - 4 scrolls of identify {unknown}
 g - a scroll of fear {unknown}
 i - 2 scrolls of teleportation {unknown}
Potions
 h - a potion of ambrosia {unknown}
 j - a potion of brilliance {unknown}


   Skills:
 + Level 1.2 Fighting
 + Level 1.2 Short Blades
 + Level 1.2 Long Blades
 + Level 1.2 Axes
 + Level 1.2 Maces & Flails
 + Level 1.2 Polearms
 + Level 1.2 Staves
 + Level 1.2 Ranged Weapons
 + Level 1.2 Throwing
 + Level 1.2 Armour
 + Level 4.7 Dodging
 + Level 4.3 Stealth
 + Level 1.2 Shields
 + Level 1.2 Unarmed Combat
 + Level 5.1 Spellcasting
 + Level 2.3 Conjurations
 + Level 1.0 Hexes
 + Level 1.0 Summonings
 + Level 1.0 Necromancy
 + Level 1.0 Translocations
 + Level 1.0 Transmutations
 + Level 5.5 Fire Magic
 + Level 1.0 Ice Magic
 + Level 1.0 Air Magic
 + Level 1.0 Earth Magic
 + Level 1.0 Poison Magic
 + Level 1.4 Invocations
 + Level 1.2 Evocations


You had 10 spell levels left.
You knew the following spells:

 Your Spells              Type           Power      Damage    Failure   Level
a - Foxfire               Conj/Fire      64%        2x1d7     3%          1
b - Scorch                Fire           42%        2d6       2%          2

Your spell library contained the following spells:

 Spells                   Type           Power      Damage    Failure   Level
 Inner Flame              Hex/Fire       14%        N/A       12%         3
 Volatile Blastmotes      Fire/Tloc      28%        2d12      12%         3
 Flame Wave               Conj/Fire      16%        2d7       30%         4


Dungeon Overview and Level Annotations

Branches:
Dungeon (2/15)

Altars:


Innate Abilities, Weirdness & Mutations

You have very sharp teeth.
Your uncanny sense of smell can sniff out nearby items.
Your experience applies equally to all skills.


Message History

The gnoll is heavily wounded.
The gnoll's fire resistance burns away.
The gnoll attacks as you move away! The gnoll closely misses you.
You hit the gnoll.
The gnoll is severely wounded.
The gnoll barely misses you.
You hit the gnoll but do no damage.
The gnoll is severely wounded.
The gnoll is no longer more vulnerable to fire.
The gnoll hits you with a +0 whip! The gnoll barely misses you.
The gnoll hits you with a +0 whip.
* * * LOW HITPOINT WARNING * * *
The gnoll attacks as you move away! The gnoll completely misses you.
The gnoll attacks as you move away! The gnoll closely misses you.
Magic courses through your body. The gnoll closely misses you.
Casting: Scorch (safe; 2% risk of failure)
Confirm with . or Enter, or press ? or * to list all spells.
Flames lash the gnoll.
The gnoll is heavily wounded.
The gnoll's fire resistance burns away.
The gnoll barely misses you.
Unknown command.
Casting: Scorch (safe; 2% risk of failure)
Confirm with . or Enter, or press ? or * to list all spells.
You miscast Scorch.
You are very lightly contaminated with residual magic.
Nothing appears to happen.
The gnoll barely misses you.
Unknown command.
Casting: Scorch (safe; 2% risk of failure)
Confirm with . or Enter, or press ? or * to list all spells.
Flames lash the gnoll.
The gnoll is almost dead.
The gnoll's fire resistance burns away.
The gnoll hits you with a +0 whip.
* * * LOW HITPOINT WARNING * * *
Unknown command.
Casting: Scorch (safe; 2% risk of failure)
Confirm with . or Enter, or press ? or * to list all spells.
Flames lash the gnoll.
The gnoll is burned terribly!
You kill the gnoll!
The gnoll hits you with a +0 whip.
You die...

.#####.#...#.# #.#
)# .... ##
#.#...'.#
#.##.##...>
#.#...#.#
#....).....
#.#...#.#
#.##.##.###
#.#...#.###.##.#
#.#####........##.#
#.# #....)......#
#.###g#######
...... #.# #@#
###### #.# #.# ...
..# #######


You could see a gnoll (combustible).

Vanquished Creatures
  3 gnolls (D:2)
  3 adders (D:2)
  6 endoplasms
  2 giant cockroaches (D:1)
  5 goblins
  5 hobgoblins
  5 kobolds
  3 quokkas
  3 ball pythons
  8 bats
  4 frilled lizards
  3 rats
50 creatures vanquished.

Vanquished Creatures (others)
  198 foxfires
198 creatures vanquished.

Grand Total: 248 creatures vanquished

Notes
Turn   | Place    | Note
-------+----------+-------------------------------------------
     0 | D:1      | retardedninja the Gnoll Fire Elementalist began the quest
                  | for the Orb.
     0 | D:1      | Reached XP level 1. HP: 13/13 MP: 6/6
   249 | D:1      | Reached XP level 2. HP: 19/19 MP: 5/7
   928 | D:1      | Reached skill level 5 in Spellcasting
   928 | D:1      | Reached XP level 3. HP: 25/25 MP: 4/9
  1522 | D:2      | Reached skill level 1 in Invocations
  1778 | D:2      | Reached skill level 1 in Fighting
  1778 | D:2      | Reached skill level 1 in Short Blades
  1778 | D:2      | Reached skill level 1 in Long Blades
  1778 | D:2      | Reached skill level 1 in Axes
  1778 | D:2      | Reached skill level 1 in Maces & Flails
  1778 | D:2      | Reached skill level 1 in Polearms
  1778 | D:2      | Reached skill level 1 in Staves
  1778 | D:2      | Reached skill level 1 in Ranged Weapons
  1778 | D:2      | Reached skill level 1 in Throwing
  1778 | D:2      | Reached skill level 1 in Armour
  1778 | D:2      | Reached skill level 1 in Shields
  1778 | D:2      | Reached skill level 1 in Unarmed Combat
  1778 | D:2      | Reached skill level 1 in Evocations
  1867 | D:2      | Reached XP level 4. HP: 32/32 MP: 9/11
  2081 | D:2      | Learned a level 2 spell: Scorch
  2246 | D:2      | Reached skill level 1 in Hexes
  2246 | D:2      | Reached skill level 1 in Summonings
  2246 | D:2      | Reached skill level 1 in Necromancy
  2246 | D:2      | Reached skill level 1 in Translocations
  2246 | D:2      | Reached skill level 1 in Transmutations
  2246 | D:2      | Reached skill level 1 in Ice Magic
  2246 | D:2      | Reached skill level 1 in Air Magic
  2246 | D:2      | Reached skill level 1 in Earth Magic
  2246 | D:2      | Reached skill level 1 in Poison Magic
  2319 | D:2      | Slain by a gnoll

Illustrated notes

Levels and vault maps discovered:
D:1:      tarquinn_simple_flora_water_d, layout_basic, serial_bayou_pond_c
D:2:      layout_basic, uniq_jessica

Skill      XL: |  1  2  3  4 |
---------------+-------------+-----
Conjurations   | 2 |  2.3
Spellcasting   | 5 |  5.1
Invocations    | 1 |  1.4
Fighting       | 1 |  1.2
Short Blades   | 1 |  1.2
Long Blades    | 1 |  1.2
Axes           | 1 |  1.2
Maces & Flails | 1 |  1.2
Polearms       | 1 |  1.2
Staves         | 1 |  1.2
Ranged Weapons | 1 |  1.2
Throwing       | 1 |  1.2
Armour         | 1 |  1.2
Shields        | 1 |  1.2
Unarmed Combat | 1 |  1.2
Evocations     | 1 |  1.2
Hexes          | 1 |  1.0
Summonings     | 1 |  1.0
Necromancy     | 1 |  1.0
Translocations | 1 |  1.0
Transmutations | 1 |  1.0
Ice Magic      | 1 |  1.0
Air Magic      | 1 |  1.0
Earth Magic    | 1 |  1.0
Poison Magic   | 1 |  1.0
Dodging        | |  4.7
Stealth        | |  4.3
Fire Magic     | |  5.5

Action                     |  1- 3 |  4- 6 || total
---------------------------+-------+-------++-------
  Melee: Unarmed           |     5 |       ||     5
         Hand axe          |     2 |     7 ||     9
         Bite              |       |     1 ||     1
   Cast: Foxfire           |    94 |    29 ||   123
         Scorch            |       |    11 ||    11
    Use: Potion            |       |     1 ||     1
 Armour: Robe              |     7 |     2 ||     9
  Dodge: Dodged            |    20 |    15 ||    35

Table legend: (Time is in decaauts)
 A = Elapsed time spent in this place.
 B = Non-inter-level travel time spent in this place.
 C = Inter-level travel time spent in this place.
 D = Time resting spent in this place.
 E = Time spent auto-exploring this place.
 F = Levels seen in this place.
 G = Mean time per level.
                   A        B        C        D        E       F      G
               +--------+--------+--------+--------+--------+-----+--------+
         Total |   2332 |   2330 |      2 |     17 |   1775 |   2 | 1166.0 |
       Dungeon |   2332 |   2330 |      2 |     17 |   1775 |   2 | 1166.0 |
               +--------+--------+--------+--------+--------+-----+--------+

Top non-repeatable levels by time:
     D:1: 1518 daAuts
     D:2: 813 daAuts
